 Dungeon Crawl Stone Soup version 0.17-a0-131-ga9cda9c (webtiles) character file.

76060 Zugr the Thaumaturge (level 15, -6/84 HPs)
             Began as a Gargoyle Wizard on Mar 23, 2015.
             Was the Champion of Vehumet.
             Mangled by a swamp worm (12 damage)
             ... on level 3 of the Swamp on Mar 24, 2015.
             The game lasted 05:13:12 (39530 turns).

Zugr the Thaumaturge (Gargoyle Wizard)             Turns: 39530, Time: 05:13:12

Health: -6/84      AC: 37    Str: 14    XL:     15   Next: 52%
Magic:  22/33      EV:  9    Int: 28    God:    Vehumet [******]
Gold:   1465       SH:  4    Dex:  9    Spells: 9 memorised, 11 levels left

rFire  + . .     SeeInvis +     h - +0 rod of shadows (3/13)
rCold  . . .     Clarity  .     y - +7 chain mail of the Cricket {rF+ Str+3 Int+4}
rNeg   + + .     SustAb   .     x - +0 buckler
rPois  ∞         Gourm    .     i - +1 helmet
rElec  +         Spirit   .     b - +1 cloak
rCorr  .         Warding  .     g - +2 pair of gloves
rMut   .         Stasis   .     t - +0 pair of boots
MR     +....                    W - amulet of faith
Stlth  ..........               m - ring of see invisible
                                q - ring of positive energy

@: about to teleport, flying, slowed, repel missiles, very slow, somewhat
resistant to hostile enchantments, extremely unstealthy
A: able to fly continuously, big wings, negative energy resistance 1,
electricity resistance, unbreathing, petrification resistance, rot immunity, AC
+11
a: Stop Flying, Renounce Religion


You were on level 3 of the Swamp.
You worshipped Vehumet.
Vehumet was exalted by your worship.
You were very hungry.

You visited 5 branches of the dungeon, and saw 25 of its levels.
You also visited: Volcano.

You collected 2579 gold pieces.
You spent 1114 gold pieces at shops.

Inventory:

Hand weapons
 l - the +12 mace "Killer Klown's Regret" {crush, rN+ Str+3}
   (You bought it in a shop on level 4 of the Orcish Mines)

   It inflicts extra damage upon your enemies.
   It affects your strength (+3).
   It protects you from negative energy.
 J - the +7 whip of Icwolun {slash, rC- Int+5}
   (You found it on level 1 of the Swamp)

   It inflicts extra damage upon your enemies.
   It affects your intelligence (+5).
   It makes you vulnerable to cold.
 L - a +0 lajatang of flaming
Armour
 b - a +1 cloak (worn)
 g - a +2 pair of gloves (worn)
 i - a +1 helmet (worn)
 t - a +0 pair of boots (worn)
 w - a +0 shield
 x - a +0 buckler (worn)
 y - the +7 chain mail of the Cricket (worn) {rF+ Str+3 Int+4}
   (You bought it in a shop on level 4 of the Orcish Mines)

   It affects your strength (+3).
   It affects your intelligence (+4).
   It protects you from fire.
 D - a pearl dragon hide
Rods
 h - a +0 rod of shadows (3/13) (weapon)
   (You found it on level 8 of the Dungeon)
 H - a +1 lightning rod (9/9)
   (You found it on level 8 of the Dungeon)
Jewellery
 m - a ring of see invisible (right hand)
 q - a ring of positive energy (left hand)
 W - an amulet of faith (around neck)
Magical devices
 e - a wand of heal wounds (0)
 j - a wand of magic darts (29)
 r - a wand of paralysis (2)
 A - a wand of confusion (25)
 E - a wand of teleportation (0)
 K - a wand of confusion (31)
 N - a wand of fire (0)
 P - a wand of teleportation (1)
 R - a wand of frost (15)
 T - a wand of disintegration (10)
 U - a wand of draining (6)
 Z - a wand of disintegration (5)
Scrolls
 u - 4 scrolls of enchant armour
 C - 6 scrolls of identify
 F - a scroll of noise
 G - a scroll of fear
 M - 15 scrolls of remove curse
Potions
 f - a potion of haste
 k - a potion of cure mutation
 n - a potion of berserk rage
 p - 2 potions of restore abilities
 s - 5 potions of brilliance
 v - 3 potions of magic
 z - a potion of lignification
 I - a potion of might
 O - a potion of degeneration {unknown}
 Q - a potion of cancellation
Books
 c - a book of Minor Magic

   Spells                             Type                      Level
   a - Magic Dart                     Conjuration                  1
   b - Blink                          Translocation                2
   c - Call Imp                       Summoning                    2
   d - Repel Missiles                 Charms/Air                   2
   e - Slow                           Hexes                        2
   f - Conjure Flame                  Conjuration/Fire             3
   g - Mephitic Cloud                 Conjuration/Poison/Air       3
 B - an Akashic Record {highlevel, unknown}

   This book is beyond your current level of understanding.

   Spells                             Type                      Level
   a - Dispersal                      Translocation                6
   b - Controlled Blink               Translocation                7
   c - Malign Gateway                 Summoning/Translocation      7
   d - Disjunction                    Translocation                8
   e - Singularity                    Translocation                9
Miscellaneous
 o - a crystal ball of energy
Comestibles
 a - 21 fruits
 d - 18 bread rations


   Skills:
 - Level 6.5 Fighting
 * Level 8.3(10.2) Maces & Flails
 - Level 9.5(10.7) Staves
 - Level 6.0 Armour
 + Level 9.8 Dodging
 - Level 2.1 Stealth
 - Level 5.0 Shields
 + Level 11.0 Spellcasting
 - Level 9.4 Conjurations
   Level 0.8 Summonings
 - Level 0.8 Translocations
 + Level 8.9 Fire Magic
 + Level 7.2 Air Magic
 + Level 5.4 Evocations


You had 11 spell levels left.
You knew the following spells:

 Your Spells              Type           Power        Failure   Level  Hunger
a - Magic Dart            Conj           ####         1%          1    None
b - Repel Missiles        Chrm/Air       #####.       28%         2    None
c - Mephitic Cloud        Conj/Pois/Air  #####...     7%          3    None
d - Conjure Flame         Conj/Fire      ######..     2%          3    None
e - Swiftness             Chrm/Air       #####...     28%         2    None
f - Bolt of Magma         Conj/Fire/Erth #####.....   67%         5    ###....
g - Teleport Other        Tloc           ###.....     98%         3    None
h - Airstrike             Air            ######....   10%         4    None
i - Blink                 Tloc           N/A          78%         2    None


Dungeon Overview and Level Annotations

Branches:
Dungeon (9/15)             Temple (1/1) D:4            Lair (8/8) D:9
  Swamp (3/5) Lair:6        Snake (0/5) Lair:5          Orc (4/4) D:9
    Elf (0/3) Orc:4
  Slime: Lair:6-8

Altars:
Ashenzari
Cheibriados
Dithmenos
Elyvilon
Fedhas
Gozag
Kikubaaqudgha
Makhleb
Nemelex Xobeh
Okawaru
Qazlal
Ru
Sif Muna
Trog
Vehumet
Xom
Yredelemnul
Zin
The Shining One

Shops:
D:9 (   Orc:1 *(   Orc:4 [=(*[

Annotations:
D:3 Tabbe's ghost, average KoBe
Lair:2 Stash
Lair:3 exclusion: oklob plant


Innate Abilities, Weirdness & Mutations

You are resistant to torment.
You are immune to poison.
You can fly continuously.
Your stone body is very resilient (AC +11).
Your wings are large and strong.
You resist negative energy.
You are resistant to electric shocks.
You can survive without breathing.
You are immune to petrification.
You are immune to rotting.


Message History

* * * LOW HITPOINT WARNING * * *
The lightning arcs!
The water moccasin is struck by lightning.
The lightning arcs!
The spiny frog is struck by lightning.
The lightning grounds out.
Zapping:
P - a wand of teleportation {zapped: 2} (will waste charges)
Press: ? - help, Shift-Dir - straight line, f - you You feel strangely unstable.
Evoking this partially-identified wand wasted a few charges.
The swamp worm barely misses you. The water moccasin closely misses you.
You block the spiny frog's attack.
The insubstantial wisp hits you but does no damage.
The swamp worm bites you but does no damage.
The water moccasin misses you. The spiny frog barely misses you.
Drink which item? (? for menu, Esc to quit)
Okay, then.
The insubstantial wisp hits you.
* * * LOW HITPOINT WARNING * * *
The swamp worm bites you!
You die...

♣..≈.≈≈≈≈ ♣.≈§≈.....
♣.≈.≈≈≈≈≈.≈ .≈≈ ≈≈
.≈.≈≈.§≈.≈≈ .≈≈≈≈≈. ≈≈≈♣
≈≈≈.≈♣.≈.≈§ .≈.≈≈♣≈≈
≈... ≈≈≈≈≈≈≈.♣≈
..≈≈...♣♣..♣≈≈♣≈.≈..≈.≈≈
.≈≈≈.>.≈..
♣≈≈vwvF♣{≈≈♣.≈
..≈≈§.≈≈.♣
♣.≈≈S@≈..≈≈≈.≈
.≈≈§≈≈≈..♣
♣.≈≈≈≈≈....≈≈≈ ...≈.≈≈.♣
♣.≈≈..≈.≈≈♣≈≈ ≈D..≈≈≈≈♣
♣.≈≈≈≈≈.≈...≈ .n<.≈≈≈.♣
♣.≈≈[§..♣.≈≈≈ .≈.≈≈.≈≈♣
♣.§≈≈...♣♣≈≈.
.≈.≈≈≈.≈≈.♣.♣...§≈≈..♣♣
.≈.§≈........≈ .♣♣


You could see a spiny frog, a swamp worm, a water moccasin and 2 insubstantial
wisps.

Vanquished Creatures
  Nikola (Swamp:2)
  An orc warlord (Orc:4)
  Snorg (Orc:2)
  An ettin (Orc:4)
  Fannar (Lair:2)
  Harold (Lair:7)
  A catoblepas (Lair:7)
  6 hydras
  6 alligators
  3 orc high priests (Orc:4)
  Urug (Orc:2)
  A deep elf knight (Orc:4)
  Erolcha (Orc:2)
  2 swamp dragons
  3 orc sorcerers (Orc:4)
  The ghost of Tabbe the Cudgeler, an experienced OgBe of Trog (D:7)
  A hornet (Swamp:1)
  A manticore (Volcano)
  3 orc knights
  4 elephants
  4 black mambas
  The ghost of trelanon the Basher, an experienced GrVM of Cheibriados (D:6)
  4 torpor snails (Lair:3)
  18 spiny frogs
  8 komodo dragons
  3 fire drakes
  3 trolls
  A polar bear (Lair:7)
  7 giant leeches
  A two-headed ogre (D:9)
  5 slime creatures
  5 bog bodies
  16 blink frogs
  4 wyverns (Lair:7)
  A basilisk (Lair:4)
  3 fire bats (Lair:4)
  Eustachio (D:5)
  A deep elf mage (D:9)
  36 yaks
  2 wargs
  Grum (Orc:1)
  4 hippogriffs
  A hungry ghost (D:8)
  17 vampire mosquitoes
  17 insubstantial wisps
  19 swamp worms
  4 wolves (Orc:1)
  25 water moccasins
  2 mottled dragons (Volcano)
  A hell hound (Volcano)
  36 orc warriors
  10 porcupines
  An ice beast (D:8)
  6 sky beasts
  8 swamp drakes
  3 black bears
  9 ogres
  3 centaurs
  12 crocodiles
  Blork the orc (D:8)
  19 giant frogs
  2 wyvern zombies
  A gnoll sergeant (Orc:4)
  A scorpion (D:5)
  5 wights (D:6)
  3 goliath beetles
  3 jellies
  3 crimson imps
  33 orc wizards
  11 hounds
  29 orc priests
  3 giant frog skeletons
  7 worker ants
  7 iguanas
  20 sheep
  A hound zombie (D:8)
  A worker ant zombie (D:5)
  20 adders
  49 river rats
  4 gnolls (Orc:4)
  2 shadow imps
  2 worms
  An adder skeleton (D:8)
  3 adder zombies
  6 giant geckos
  2 oozes
  166 orcs
  A ball python (D:6)
  2 bat skeletons
  2 giant cockroaches
  21 hobgoblins
  2 jackals (D:5)
  15 kobolds
  13 bats
  2 giant newts
  23 goblins
  A jackal skeleton (D:5)
  19 quokkas
  A quokka skeleton (D:6)
  16 rats
  2 fungi (Lair:2)
868 creatures vanquished.

Vanquished Creatures (collateral kills)
  An ogre (D:8)
  2 orcs (D:8)
3 creatures vanquished.

Vanquished Creatures (others)
  A spriggan (Swamp:2)
  A shambling mangrove (Swamp:2)
  2 spiny frogs (Swamp:2)
  2 vampire mosquitoes (Swamp:2)
  A wasp (Swamp:2)
  A crimson imp (Swamp:3)
  2 orc priests (Swamp:2)
  4 orcs
  7 fungi
  3 plants (Lair:7)
24 creatures vanquished.

Grand Total: 895 creatures vanquished

Notes
Turn   | Place    | Note
--------------------------------------------------------------
     0 | D:1      | Zugr, the Gargoyle Wizard, began the quest for the Orb.
     0 | D:1      | Reached XP level 1. HP: 10/10 MP: 4/4
   289 | D:1      | Reached XP level 2. HP: 15/15 MP: 4/6
   293 | D:1      | Learned a level 2 spell: Repel Missiles
  1240 | D:2      | Reached XP level 3. HP: 19/19 MP: 4/8
  1287 | D:2      | Learned a level 3 spell: Mephitic Cloud
  2207 | D:3      | Noticed Tabbe's ghost (average KoBe)
  2430 | D:3      | Reached XP level 4. HP: 24/24 MP: 3/10
  2446 | D:3      | Reached skill level 4 in Spellcasting
  2456 | D:3      | Found an opulent altar of Gozag.
  2562 | D:3      | Found a shadowy altar of Dithmenos.
  2769 | D:3      | Reached skill level 8 in Spellcasting
  2769 | D:3      | Reached skill level 9 in Conjurations
  2769 | D:3      | Reached XP level 5. HP: 28/28 MP: 12/20
  2774 | D:3      | Learned a level 3 spell: Conjure Flame
  3247 | D:4      | Found a sparkling altar of Nemelex Xobeh.
  3432 | D:4      | Found a staircase to the Ecumenical Temple.
  3446 | Temple   | Entered the Ecumenical Temple
  3496 | Temple   | Became a worshipper of Vehumet
  3894 | D:4      | Reached XP level 6. HP: 33/33 MP: 14/21
  3967 | D:5      | Entered Level 5 of the Dungeon
  3986 | D:5      | Noticed Eustachio
  3986 | D:5      | Reached skill level 1 in Fighting
  4472 | D:5      | Reached skill level 1 in Maces & Flails
  4486 | D:5      | Reached XP level 7. HP: 37/39 MP: 9/23
  4585 | D:5      | Found an iron altar of Okawaru.
  4640 | D:5      | HP: 2/40 [shadow imp/nerve-wracking pain (8)]
  5146 | D:5      | Reached skill level 1 in Armour
  5530 | D:5      | Killed Eustachio
  5530 | D:5      | Reached XP level 8. HP: 45/45 MP: 4/24
  5881 | D:5      | Found an ancient bone altar of Kikubaaqudgha.
  6599 | D:6      | Found a sparkling altar of Nemelex Xobeh.
  6924 | D:6      | Acquired Vehumet's first power
  6924 | D:6      | Offered knowledge of Sting by Vehumet.
  7036 | D:6      | Found a shimmering altar of Xom.
  7221 | D:6      | Found a bloodstained altar of Trog.
  7437 | D:6      | Noticed trelanon's ghost (experienced GrVM)
  7472 | D:6      | Found a sacrificial altar of Ru.
  7472 | D:6      | Found a white marble altar of Elyvilon.
  7472 | D:6      | Found a glowing silver altar of Zin.
  7523 | D:6      | Killed trelanon's ghost
  7523 | D:6      | Reached XP level 9. HP: 33/52 MP: 1/25
  8775 | D:7      | Noticed Tabbe's ghost (experienced OgBe)
  8823 | D:7      | Killed Tabbe's ghost
  9271 | D:7      | Found an opulent altar of Gozag.
  9474 | D:7      | Offered knowledge of Sandblast by Vehumet.
 10313 | D:8      | Reached skill level 5 in Fighting
 10421 | D:8      | Reached XP level 10. HP: 59/59 MP: 22/27
 10436 | D:8      | Reached skill level 5 in Armour
 10806 | D:8      | Noticed Blork the orc
 10839 | D:8      | Killed Blork the orc
 11186 | D:8      | Reached skill level 5 in Maces & Flails
 11284 | D:8      | Identified a +0 rod of shadows (13/13) (You found it on level 8 of the Dungeon)
 11321 | D:8      | Reached skill level 1 in Fire Magic
 11949 | D:9      | Found a staircase to the Orcish Mines.
 11998 | D:9      | Reached skill level 1 in Staves
 12136 | D:9      | Found a shadowy altar of Dithmenos.
 12180 | D:9      | Found a glowing golden altar of the Shining One.
 12199 | D:9      | Reached skill level 1 in Air Magic
 12676 | D:9      | Noticed an elephant
 12727 | D:9      | Killed an elephant
 12727 | D:9      | Reached skill level 5 in Dodging
 12885 | D:9      | Found a staircase to the Lair.
 13127 | D:9      | Found Zeppin's Antique Weapon Shop.
 13275 | Lair:1   | Entered Level 1 of the Lair of Beasts
 13440 | Lair:1   | Offered knowledge of Throw Frost by Vehumet.
 13502 | Lair:1   | Reached XP level 11. HP: 64/66 MP: 28/28
 13648 | Lair:1   | Reached skill level 5 in Staves
 13648 | Lair:1   | Reached XP level 12. HP: 68/71 MP: 29/29
 13652 | Lair:1   | Learned a level 2 spell: Swiftness
 14046 | Lair:1   | Noticed a black mamba
 14106 | Lair:1   | HP: 1/71 [black mamba (8)]
 14107 | Lair:1   | Gained mutation: You have sharp fingernails. [potion of mutation]
 14107 | Lair:1   | Gained mutation: Your mind is acute. (Int +2) [potion of mutation]
 14107 | Lair:1   | Gained mutation: You tend to lose your temper in combat. [potion of mutation]
 14110 | Lair:1   | Killed a black mamba
 14781 | Lair:2   | Noticed Fannar
 14813 | Lair:2   | Acquired Vehumet's second power
 14938 | Lair:2   | Learned a level 5 spell: Bolt of Magma
 14959 | Lair:2   | Killed Fannar
 15070 | Lair:2   | Learned a level 3 spell: Teleport Other
 16098 | Lair:3   | Reached skill level 5 in Fire Magic
 16160 | Lair:3   | Found a snail-covered altar of Cheibriados.
 16363 | Lair:3   | Offered knowledge of Airstrike by Vehumet.
 16421 | Lair:3   | Learned a level 4 spell: Airstrike
 17469 | Lair:3   | Found a shimmering altar of Xom.
 17989 | Lair:4   | Acquired Vehumet's third power
 18074 | Lair:4   | Offered knowledge of Stone Arrow by Vehumet.
 18096 | Lair:4   | Reached XP level 13. HP: 75/75 MP: 16/30
 18205 | Lair:4   | Found a dark tunnel.
 18228 | Volcano  | Entered a volcano
 21056 | Lair:5   | Found a staircase to the Snake Pit.
 21616 | Lair:4   | Learned a level 2 spell: Blink
 23125 | Lair:6   | Reached skill level 5 in Air Magic
 23127 | Lair:6   | Offered knowledge of Lightning Bolt by Vehumet.
 23178 | Lair:6   | Found a staircase to the Swamp.
 23741 | Lair:6   | Gained mutation: Your muscles are strong. (Str +2) [potion of mutation]
 23741 | Lair:6   | Gained mutation: You are partially covered in slimy green scales (AC +2). [potion of mutation]
 23741 | Lair:6   | Gained mutation: You often lose your temper in combat. [potion of mutation]
 23873 | Lair:6   | Reached skill level 10 in Spellcasting
 24652 | Lair:7   | Noticed Harold
 24673 | Lair:7   | Killed Harold
 25499 | Orc:1    | Entered Level 1 of the Orcish Mines
 25700 | Orc:1    | Found Staseal's Assorted Antiques.
 25725 | Orc:2    | Noticed Snorg
 25757 | Orc:2    | Killed Snorg
 25757 | Orc:2    | Gained mutation: Your wings are large and strong. [gargoyle growth]
 25757 | Orc:2    | Reached XP level 14. HP: 77/80 MP: 32/32
 25826 | Orc:2    | Noticed Urug
 25865 | Orc:2    | Noticed Erolcha
 25874 | Orc:2    | Killed Erolcha
 25990 | Orc:2    | Offered knowledge of Sticky Flame by Vehumet.
 26248 | Orc:2    | Reached skill level 5 in Evocations
 26418 | Orc:2    | Killed Urug
 26527 | Orc:1    | Found Idebie's Antique Weapon Emporium.
 26532 | Orc:1    | Noticed Grum
 26604 | Orc:1    | Killed Grum
 26828 | Orc:1    | Offered knowledge of Poison Arrow by Vehumet.
 27645 | Orc:4    | Entered Level 4 of the Orcish Mines
 27670 | Orc:4    | Found a staircase to the Elven Halls.
 28331 | Orc:4    | Found Paof's Antique Armour Boutique.
 28335 | Orc:4    | Bought an ancient chain mail for 304 gold pieces
 28335 | Orc:4    | Bought a runed hat for 128 gold pieces
 28368 | Orc:4    | Identified the +7 chain mail of the Cricket {rF+ Str+3 Int+4} (You bought it in a shop on level 4 of the Orcish Mines)
 28650 | Orc:4    | Offered knowledge of Bolt of Cold by Vehumet.
 29253 | Orc:4    | Noticed an orc warlord
 29282 | Orc:4    | HP: 2/80 [orc high priest/divine providence (11)]
 30686 | Orc:4    | Offered knowledge of Bolt of Fire by Vehumet.
 31763 | Orc:4    | Found Olaeta's General Store.
 31767 | Orc:4    | Found Kloc's Antique Armour Shop.
 31767 | Orc:4    | Found Klusm's Antique Weapon Shop.
 31770 | Orc:4    | Found Rapnafen's Jewellery Boutique.
 31784 | Orc:4    | Bought a pair of glowing gloves for 126 gold pieces
 31790 | Orc:4    | Bought a steaming mace for 192 gold pieces
 31928 | Orc:4    | Killed an orc warlord
 32156 | Orc:4    | Identified the +12 mace "Killer Klown's Regret" {crush, rN+ Str+3} (You bought it in a shop on level 4 of the Orcish Mines)
 32262 | Orc:4    | Bought a glowing hat for 112 gold pieces
 32262 | Orc:4    | Bought a faintly humming ring mail for 252 gold pieces
 32294 | Orc:4    | Identified the +0 ring mail of Xoyveunu {rN+ Int+2 Dex-4} (You bought it in a shop on level 4 of the Orcish Mines)
 32557 | Lair:3   | Noticed a five-headed hydra
 32564 | Lair:3   | Killed a five-headed hydra
 32982 | Lair:8   | Entered Level 8 of the Lair of Beasts
 33772 | Lair:6   | Offered knowledge of Poisonous Cloud by Vehumet.
 34252 | Lair:2   | Upgraded the game from 0.17-a0-128-g90bd1c5 to 0.17-a0-131-ga9cda9c
 34328 | Swamp:1  | Entered Level 1 of the Swamp
 34426 | Swamp:1  | Reached skill level 1 in Shields
 35295 | Swamp:1  | Reached XP level 15. HP: 78/84 MP: 4/33
 36217 | Swamp:1  | Found a blossoming altar of Fedhas.
 36224 | Swamp:1  | Got a bloodstained whip
 36225 | Swamp:1  | Identified the +7 whip of Icwolun {slash, rC- Int+5} (You found it on level 1 of the Swamp)
 36798 | Swamp:1  | Lost mutation: You often lose your temper in combat. [potion of cure mutation]
 36798 | Swamp:1  | Lost mutation: You have sharp fingernails. [potion of cure mutation]
 36798 | Swamp:1  | Lost mutation: Your mind is acute. (Int +2) [potion of cure mutation]
 36798 | Swamp:1  | Lost mutation: You tend to lose your temper in combat. [potion of cure mutation]
 36798 | Swamp:1  | Lost mutation: Your muscles are strong. (Str +2) [potion of cure mutation]
 36798 | Swamp:1  | Lost mutation: You are partially covered in slimy green scales (AC +2). [potion of cure mutation]
 37312 | Swamp:2  | Offered knowledge of Spellforged Servitor by Vehumet.
 37403 | Swamp:2  | Noticed Nikola
 37593 | Swamp:2  | Killed Nikola
 38220 | Swamp:2  | Reached skill level 11 in Spellcasting
 38257 | Swamp:2  | Reached skill level 5 in Shields
 39530 | Swamp:3  | Mangled by a swamp worm

Action                   |  1- 3 |  4- 6 |  7- 9 | 10-12 | 13-15 || total
-------------------------+-------+-------+-------+-------+-------++-------
Melee: Short sword       |    17 |       |       |       |       ||    17
       Whip              |       |    25 |   180 |    50 |   162 ||   417
       Lajatang          |       |       |       |   409 |  1026 ||  1435
       Morningstar       |       |       |       |    12 |       ||    12
       Rod               |       |       |       |     5 |       ||     5
       Mace              |       |       |       |       |   467 ||   467
 Cast: Magic Dart        |   106 |    98 |   316 |   408 |   221 ||  1149
       Repel Missiles    |     1 |       |     1 |       |     3 ||     5
       Mephitic Cloud    |     1 |     7 |    60 |    61 |   243 ||   372
       Conjure Flame     |       |     1 |     7 |     3 |       ||    11
       Airstrike         |       |       |       |    43 |   294 ||   337
       Bolt of Magma     |       |       |       |    36 |    34 ||    70
       Swiftness         |       |       |       |     1 |     5 ||     6
       Teleport Other    |       |       |       |       |     4 ||     4
       Blink             |       |       |       |       |     5 ||     5
 Abil: Fly               |       |       |       |       |     2 ||     2
Evoke: Rod               |       |       |       |     5 |     6 ||    11
       Wand              |       |       |       |     4 |    28 ||    32
  Use: Scroll            |       |    12 |     3 |     8 |    19 ||    42
       Potion            |       |     1 |     5 |     6 |    11 ||    23
 Stab: Confused          |       |     2 |    11 |    19 |    63 ||    95
       Distracted        |       |       |       |     1 |       ||     1
       Sleeping          |       |       |       |       |     1 ||     1
       Invisible         |       |       |       |       |     3 ||     3
  Eat: Chunk             |     3 |     7 |     5 |    21 |    29 ||    65
       Fruit             |       |     5 |       |       |    32 ||    37
       Beef jerky        |       |       |     1 |     2 |     2 ||     5
       Meat ration       |       |       |     1 |     1 |     5 ||     7
       Royal jelly       |       |       |     1 |       |       ||     1
       Pizza             |       |       |     1 |       |       ||     1
       Bread ration      |       |       |       |     1 |     2 ||     3
